AoeStats
← T1NOCAST

MegaRandom

510433217Analyzed
2v2 RM · 20h ago on Oct 1, 2026· 53m 52s· 4 players
Game mode
Random Map
Map size
Medium (4 player)
Population
200
Speed
Normal
Resources
Standard
Victory
Conquest
Starting age
Dark Age
Ending age
Imperial Age
RankedLock teamsTeams togetherTeam positionsShared explorationLock speedFull tech treeHidden civsTurbo modeCheats
Victory
Defeat
🇧🇷 Chinese · Brazil
739
+14
🇺🇸 Wei · United States
654
+18
🇦🇷 Goths · Argentina
709
-17
🇦🇷 Jurchens · Argentina
678
-15
El Toshi4549
2:05 Loom
14:55 Feudal Age
20:06 Wheelbarrow
26:38 Castle Age
29:04 Squires
28:24 Pikeman
33:05 Horse Collar
33:14 Double-Bit Axe
35:23 Heavy Plow
39:00 Imperial Age
36:41 Scale Mail Armor
39:31 Padded Archer Armor
39:21 Fletching
39:48 Chain Mail Armor
39:43 Forging
39:31 Gold Mining
39:34 Stone Mining
40:55 Anarchy
41:27 Conscription
41:30 Leather Archer Armor
42:38 Chemistry
41:59 Ballistics
43:25 Iron Casting
42:45 Bodkin Arrow
43:18 Perfusion
45:49 Elite Huskarl
T1NOCAST
3:57 Loom
13:48 Feudal Age
18:29 Wheelbarrow
17:42 Double-Bit Axe
22:55 Castle Age
28:57 Hand Cart
33:51 Scale Barding Armor
33:57 Forging
38:21 Imperial Age
37:08 Fishing Lines
38:15 Chain Barding Armor
39:29 Horse Collar
41:19 Gold Mining
41:20 Stone Mining
41:44 Bow Saw
41:36 Heavy Plow
42:37 Elite Iron Pagoda
43:57 Plate Barding Armor
45:09 Gold Shaft Mining
45:10 Stone Shaft Mining
45:18 Husbandry
45:29 Bloodlines
47:06 Elite Skirmisher
KaputLand6596
0:29 Loom
12:27 Feudal Age
12:48 Horse Collar
12:57 Fishing Lines
14:06 Double-Bit Axe
20:45 Castle Age
19:41 Stone Mining
19:42 Gold Mining
21:50 Wheelbarrow
22:51 Heavy Plow
23:24 Bow Saw
24:00 Fletching
26:34 Bodkin Arrow
27:53 Scale Barding Armor
28:59 Stone Shaft Mining
29:38 Forging
29:48 Chain Barding Armor
34:23 Hand Cart
36:24 Gold Shaft Mining
36:04 Pikeman
36:47 Squires
36:32 Arson
38:28 Caravan
43:17 Imperial Age
42:42 Iron Casting
42:07 Scale Mail Armor
42:22 Bloodlines
42:48 Tuntian
44:26 Conscription
44:35 Ming Guang Armor
43:38 Elite Tiger Cavalry
45:04 Hoardings
44:54 Ballistics
45:23 Halberdier
46:43 Murder Holes
47:00 Masonry
46:53 Husbandry
49:37 Chain Mail Armor
50:42 Blast Furnace
Vine Cintra
0:59 Loom
10:59 Feudal Age
12:16 Wheelbarrow
11:31 Double-Bit Axe
11:29 Horse Collar
21:50 Castle Age
19:56 Stone Mining
21:12 Fletching
21:16 Gold Mining
21:59 Padded Archer Armor
24:14 Hand Cart
24:44 Thumb Ring
24:57 Bow Saw
26:50 Leather Archer Armor
28:52 Ballistics
30:20 Bodkin Arrow
31:34 Gold Shaft Mining
33:44 Squires
33:29 Arson
37:01 Imperial Age
35:10 Forging
35:00 Scale Mail Armor
34:50 Arson
36:59 Chain Mail Armor
37:20 Iron Casting
36:52 Squires
38:19 Elite Chu Ko Nu
40:31 Chemistry
39:33 Bracer
40:04 Ring Archer Armor
39:25 Elite Fire Lancer
44:12 Blast Furnace
43:42 Plate Mail Armor
51:22 Pikeman
52:35 Halberdier
Connection lost

Rejoining the realm…

Still unreachable

The connection could not be restored.

Session expired

The server has moved on; the page needs a fresh start.